[ AOE2 MATCH · #495926374 ]
UnrankedChinese vs Chinese
Player's team · WIN
Rival team · LOSS
[ REPLAY ANALYSIS · EXTRACTED FROM THE RECORDED GAME ]
Feudal
10:10
Castle
20:29
Imperial
34:34
| APM avg | 73.7 |
| APM peak | 102 |
| eAPM avg | 31.3 |
| Villagers / military | 179 / 132 |
Focus
⚔️ 45.5% · 🌾 54.5%
Cavalry Archer ×74 · Skirmisher ×21 · Chu Ko Nu ×20 · Trebuchet (Packed) ×7 · Militia ×5 · Monk ×2
Feudal
8:28
Castle
20:25
Imperial
36:35
| APM avg | 78.6 |
| APM peak | 136 |
| eAPM avg | 34.8 |
| Villagers / military | 139 / 92 |
Focus
⚔️ 52.2% · 🌾 47.8%
Chu Ko Nu ×52 · Archer ×7 · Battering Ram ×7 · Skirmisher ×6 · Monk ×5 · Scorpion ×5
Match map
Initial resources + every placement click. Lines = walls · curves = elevation contours. ◆ gold · ⬟ stone · ● berries · ✦ relic · ◌ wall gap
Your base· Open — 5t gap
CN_Dauh's base· Open — 4t gap
Smoothed initial terrain · ◌ = detected wall gap · hover for details
Inputs per minute
— ANKR.ice cream - - CN_Dauh
Build order — ANKR.ice cream
First 150 of 465 actions detected
| 0:04 | Research | Loom |
| 0:44 | Queue | Villager (Male) |
| 1:10 | Queue | Villager (Male) |
| 1:10 | Queue | Villager (Male) |
| 1:37 | Queue | Villager (Male) |
| 2:06 | Queue | Villager (Male) |
| 2:23 | Queue | Villager (Male) |
| 2:40 | Queue | Villager (Male) |
| 2:50 | Build | Lumber Camp |
| 2:55 | Queue | Villager (Male) |
| 2:55 | Queue | Villager (Male) |
| 3:08 | Build | House |
| 3:09 | Build | House |
| 3:26 | Queue | Villager (Male) |
| 3:43 | Queue | Villager (Male) |
| 3:54 | Queue | Villager (Male) |
| 4:11 | Queue | Villager (Male) |
| 4:38 | Queue | Villager (Male) |
| 5:02 | Queue | Villager (Male) |
| 5:21 | Queue | Villager (Male) |
| 5:33 | Build | Barracks |
| 5:42 | Queue | Villager (Male) |
| 6:14 | Build | House |
| 6:33 | Queue | Villager (Male) |
| 6:38 | Queue | Militia |
| 6:39 | Queue | Militia |
| 6:49 | Build | Mill |
| 7:11 | Queue | Villager (Male) |
| 7:49 | Build | Mining Camp |
| 8:00 | Research | Feudal Age |
| 8:00 | Research | Feudal Age |
| 8:56 | Queue | Militia |
| 8:56 | Queue | Militia |
| 9:02 | Build | Farm |
| 9:12 | Queue | Militia |
| 9:19 | Build | House |
| 9:20 | Build | House |
| 9:41 | Build | Palisade Wall |
| 9:42 | Build | Palisade Wall |
| 9:43 | Build | Palisade Wall |
| 9:44 | Build | Palisade Wall |
| 9:55 | Build | Palisade Wall |
| 9:56 | Build | Palisade Wall |
| 9:57 | Build | Palisade Wall |
| 9:58 | Build | Palisade Wall |
| 10:08 | Build | Palisade Wall |
| 10:10 | Age | Feudal Age |
| 10:11 | Build | Palisade Wall |
| 10:12 | Research | Man-at-Arms (upgrade) |
| 10:13 | Queue | Villager (Male) |
| 10:21 | Queue | Spearman |
| 10:24 | Build | Palisade Wall |
| 10:26 | Build | Palisade Wall |
| 10:30 | Build | Farm |
| 10:32 | Build | Farm |
| 10:37 | Build | Palisade Wall |
| 10:48 | Queue | Villager (Male) |
| 10:48 | Queue | Villager (Male) |
| 10:54 | Build | Farm |
| 11:06 | Queue | Villager (Male) |
| 11:06 | Queue | Villager (Male) |
| 11:14 | Build | Farm |
| 11:15 | Build | Farm |
| 11:19 | Queue | Villager (Male) |
| 11:19 | Queue | Villager (Male) |
| 11:21 | Build | Farm |
| 11:48 | Queue | Villager (Male) |
| 11:48 | Queue | Villager (Male) |
| 11:49 | Queue | Villager (Male) |
| 11:52 | Build | Archery Range |
| 12:07 | Queue | Villager (Male) |
| 12:19 | Build | Palisade Wall |
| 12:23 | Queue | Villager (Male) |
| 12:32 | Queue | Villager (Male) |
| 12:42 | Queue | Villager (Male) |
| 12:49 | Build | Palisade Wall |
| 13:02 | Queue | Skirmisher |
| 13:03 | Queue | Skirmisher |
| 13:16 | Queue | Villager (Male) |
| 13:25 | Build | Farm |
| 13:25 | Build | Farm |
| 13:39 | Build | House |
| 13:42 | Queue | Skirmisher |
| 14:05 | Queue | Skirmisher |
| 14:06 | Queue | Villager (Male) |
| 14:08 | Build | Farm |
| 14:13 | Build | House |
| 14:37 | Build | House |
| 14:39 | Queue | Skirmisher |
| 15:08 | Build | Lumber Camp |
| 15:23 | Queue | Villager (Male) |
| 15:41 | Build | Blacksmith |
| 15:53 | Queue | Villager (Male) |
| 15:55 | Build | Farm |
| 16:05 | Queue | Villager (Male) |
| 16:20 | Queue | Skirmisher |
| 16:27 | Build | Farm |
| 16:29 | Build | Farm |
| 16:30 | Build | Farm |
| 16:31 | Build | Farm |
| 16:59 | Build | House |
| 17:00 | Build | House |
| 17:19 | Build | Farm |
| 17:19 | Build | Farm |
| 17:49 | Research | Castle Age |
| 18:17 | Build | Archery Range |
| 18:20 | Queue | Skirmisher |
| 18:30 | Research | Fletching |
| 18:39 | Queue | Skirmisher |
| 18:57 | Queue | Skirmisher |
| 19:08 | Queue | Skirmisher |
| 19:08 | Queue | Skirmisher |
| 19:15 | Queue | Skirmisher |
| 19:15 | Queue | Skirmisher |
| 19:26 | Research | Padded Archer Armor |
| 19:41 | Queue | Skirmisher |
| 19:42 | Queue | Skirmisher |
| 19:42 | Queue | Skirmisher |
| 19:42 | Queue | Skirmisher |
| 19:53 | Build | Stable |
| 20:02 | Research | Double-Bit Axe |
| 20:06 | Research | Horse Collar |
| 20:13 | Queue | Skirmisher |
| 20:14 | Queue | Skirmisher |
| 20:29 | Age | Castle Age |
| 20:33 | Research | Elite Skirmisher (upgrade) |
| 20:33 | Research | Elite Skirmisher (upgrade) |
| 20:37 | Research | Crossbowman (upgrade) |
| 20:38 | Queue | Skirmisher |
| 20:38 | Queue | Skirmisher |
| 20:44 | Research | Bodkin Arrow |
| 20:48 | Queue | Villager (Male) |
| 20:49 | Build | Farm |
| 20:50 | Build | Farm |
| 21:08 | Queue | Knight |
| 21:10 | Build | Farm |
| 21:18 | Queue | Villager (Male) |
| 21:38 | Queue | Villager (Male) |
| 21:44 | Queue | Villager (Male) |
| 21:44 | Queue | Villager (Male) |
| 21:58 | Queue | Knight |
| 22:15 | Queue | Cavalry Archer |
| 22:15 | Queue | Cavalry Archer |
| 22:15 | Queue | Cavalry Archer |
| 22:17 | Queue | Villager (Male) |
| 22:17 | Queue | Villager (Male) |
| 22:19 | Queue | Villager (Male) |
| 22:28 | Queue | Villager (Male) |
| 22:28 | Queue | Cavalry Archer |
| 22:36 | Build | Town Center |
Build order — CN_Dauh
First 150 of 376 actions detected
| 0:01 | Research | Loom |
| 0:49 | Queue | Villager (Male) |
| 1:14 | Queue | Villager (Male) |
| 1:39 | Queue | Villager (Male) |
| 2:03 | Queue | Villager (Male) |
| 2:12 | Build | Lumber Camp |
| 2:31 | Queue | Villager (Male) |
| 2:53 | Queue | Villager (Male) |
| 3:11 | Queue | Villager (Male) |
| 3:34 | Queue | Villager (Male) |
| 3:39 | Build | House |
| 3:58 | Queue | Villager (Male) |
| 4:04 | Queue | Villager (Male) |
| 4:39 | Build | Mill |
| 4:45 | Queue | Villager (Male) |
| 5:12 | Queue | Villager (Male) |
| 5:47 | Queue | Villager (Male) |
| 6:18 | Research | Feudal Age |
| 7:25 | Build | House |
| 7:25 | Build | House |
| 7:45 | Build | Barracks |
| 7:57 | Queue | Villager (Male) |
| 8:28 | Age | Feudal Age |
| 8:31 | Queue | Villager (Male) |
| 8:38 | Build | House |
| 8:52 | Build | Mill |
| 9:01 | Build | Palisade Wall |
| 9:03 | Build | Palisade Wall |
| 9:04 | Build | Palisade Wall |
| 9:05 | Build | Palisade Wall |
| 9:07 | Build | Palisade Wall |
| 9:10 | Build | Palisade Wall |
| 9:14 | Build | Palisade Wall |
| 9:15 | Build | Palisade Wall |
| 9:18 | Build | House |
| 9:21 | Build | Palisade Wall |
| 9:21 | Queue | Villager (Male) |
| 9:26 | Queue | Spearman |
| 9:32 | Build | Palisade Wall |
| 9:39 | Queue | Villager (Male) |
| 9:58 | Build | Archery Range |
| 9:59 | Queue | Villager (Male) |
| 10:05 | Research | Double-Bit Axe |
| 10:16 | Queue | Villager (Male) |
| 10:29 | Build | Mining Camp |
| 10:41 | Build | Palisade Wall |
| 10:43 | Build | Palisade Wall |
| 10:46 | Build | Palisade Wall |
| 10:47 | Queue | Archer |
| 10:49 | Queue | Villager (Male) |
| 10:57 | Build | Palisade Wall |
| 10:58 | Build | Palisade Wall |
| 11:13 | Build | Farm |
| 11:13 | Build | Farm |
| 11:19 | Queue | Villager (Male) |
| 11:24 | Queue | Archer |
| 11:34 | Queue | Villager (Male) |
| 11:37 | Build | Farm |
| 11:48 | Queue | Villager (Male) |
| 11:53 | Build | Farm |
| 12:07 | Build | Farm |
| 12:08 | Build | Farm |
| 12:09 | Queue | Archer |
| 12:11 | Queue | Villager (Male) |
| 12:24 | Build | House |
| 12:31 | Build | House |
| 12:36 | Queue | Villager (Male) |
| 12:39 | Queue | Archer |
| 12:45 | Build | Farm |
| 12:54 | Queue | Villager (Male) |
| 12:59 | Build | Farm |
| 13:01 | Build | Farm |
| 13:02 | Build | Farm |
| 13:10 | Build | Farm |
| 13:22 | Queue | Archer |
| 13:23 | Queue | Villager (Male) |
| 13:38 | Build | Farm |
| 13:40 | Queue | Villager (Male) |
| 14:08 | Build | Blacksmith |
| 14:13 | Queue | Villager (Male) |
| 14:15 | Queue | Archer |
| 14:32 | Build | Farm |
| 14:34 | Research | Fletching |
| 15:04 | Queue | Archer |
| 15:05 | Queue | Skirmisher |
| 15:06 | Queue | Villager (Male) |
| 15:13 | Build | Lumber Camp |
| 15:24 | Queue | Villager (Male) |
| 15:48 | Queue | Skirmisher |
| 15:56 | Queue | Villager (Male) |
| 16:07 | Build | House |
| 16:09 | Research | Wheelbarrow |
| 16:26 | Build | Farm |
| 16:46 | Build | Market |
| 16:47 | Queue | Skirmisher |
| 17:14 | Build | Farm |
| 17:16 | Queue | Skirmisher |
| 17:27 | Build | House |
| 17:45 | Research | Castle Age |
| 18:15 | Research | Padded Archer Armor |
| 18:24 | Build | Mining Camp |
| 18:55 | Queue | Skirmisher |
| 19:08 | Build | Stable |
| 19:13 | Queue | Skirmisher |
| 20:03 | Queue | Scout Cavalry |
| 20:08 | Research | Gold Mining |
| 20:08 | Research | Stone Mining |
| 20:25 | Age | Castle Age |
| 20:28 | Queue | Villager (Male) |
| 20:41 | Build | Town Center |
| 20:42 | Research | Bodkin Arrow |
| 20:44 | Research | Bow Saw |
| 20:48 | Queue | Villager (Male) |
| 20:53 | Queue | Knight |
| 21:02 | Research | Horse Collar |
| 21:10 | Queue | Villager (Male) |
| 21:36 | Queue | Villager (Male) |
| 21:40 | Queue | Villager (Male) |
| 21:43 | Queue | Villager (Male) |
| 22:01 | Queue | Knight |
| 22:04 | Queue | Villager (Male) |
| 22:09 | Build | Siege Workshop |
| 22:13 | Queue | Villager (Male) |
| 22:16 | Build | Town Center |
| 22:27 | Queue | Villager (Male) |
| 22:38 | Queue | Villager (Male) |
| 23:03 | Queue | Scorpion |
| 23:06 | Build | Farm |
| 23:06 | Build | Farm |
| 23:06 | Build | Farm |
| 23:26 | Build | Monastery |
| 23:42 | Queue | Villager (Male) |
| 23:42 | Queue | Villager (Male) |
| 23:46 | Research | Heavy Plow |
| 23:55 | Build | Castle |
| 24:00 | Build | Lumber Camp |
| 24:07 | Queue | Villager (Male) |
| 24:10 | Queue | Monk |
| 24:18 | Queue | Villager (Male) |
| 24:20 | Build | Farm |
| 24:28 | Queue | Villager (Male) |
| 24:42 | Queue | Villager (Male) |
| 24:55 | Queue | Unit 1105 |
| 25:03 | Queue | Villager (Male) |
| 25:07 | Queue | Villager (Male) |
| 25:16 | Queue | Scorpion |
| 25:18 | Queue | Villager (Male) |
| 25:38 | Queue | Monk |
| 25:40 | Queue | Chu Ko Nu |
| 25:40 | Queue | Chu Ko Nu |
Match timeline
| 5:33 | ANKR.ice cream · first_building Barracks |
| 7:45 | CN_Dauh · first_building Barracks |
| 8:28 | CN_Dauh · age_up feudal |
| 9:01 | CN_Dauh · wall_segment Palisade Wall x1 |
| 9:03 | CN_Dauh · wall_segment Palisade Wall x1 |
| 9:04 | CN_Dauh · wall_segment Palisade Wall x1 |
| 9:05 | CN_Dauh · wall_segment Palisade Wall x1 |
| 9:07 | CN_Dauh · wall_segment Palisade Wall x1 |
| 9:10 | CN_Dauh · wall_segment Palisade Wall x1 |
| 9:14 | CN_Dauh · wall_segment Palisade Wall x1 |
| 9:15 | CN_Dauh · wall_segment Palisade Wall x1 |
| 9:21 | CN_Dauh · wall_segment Palisade Wall x1 |
| 9:32 | CN_Dauh · wall_segment Palisade Wall x1 |
| 9:41 | ANKR.ice cream · wall_segment Palisade Wall x1 |
| 9:42 | ANKR.ice cream · wall_segment Palisade Wall x1 |
| 9:43 | ANKR.ice cream · wall_segment Palisade Wall x2 |
| 9:44 | ANKR.ice cream · wall_segment Palisade Wall x1 |
| 9:55 | ANKR.ice cream · wall_segment Palisade Wall x2 |
| 9:56 | ANKR.ice cream · wall_segment Palisade Wall x1 |
| 9:57 | ANKR.ice cream · wall_segment Palisade Wall x1 |
| 9:58 | CN_Dauh · first_building Archery Range |
| 9:58 | ANKR.ice cream · wall_segment Palisade Wall x3 |
| 10:08 | ANKR.ice cream · wall_segment Palisade Wall x2 |
| 10:10 | ANKR.ice cream · age_up feudal |
| 10:11 | ANKR.ice cream · wall_segment Palisade Wall x6 |
| 10:24 | ANKR.ice cream · wall_segment Palisade Wall x2 |
| 10:26 | ANKR.ice cream · wall_segment Palisade Wall x2 |
| 10:37 | ANKR.ice cream · wall_segment Palisade Wall x1 |
| 10:41 | CN_Dauh · wall_segment Palisade Wall x1 |
| 10:43 | CN_Dauh · wall_segment Palisade Wall x1 |
| 10:46 | CN_Dauh · wall_segment Palisade Wall x1 |
| 10:57 | CN_Dauh · wall_segment Palisade Wall x1 |
| 10:58 | CN_Dauh · wall_segment Palisade Wall x1 |
| 11:52 | ANKR.ice cream · first_building Archery Range |
| 12:19 | ANKR.ice cream · wall_segment Palisade Wall x16 |
| 12:49 | ANKR.ice cream · wall_segment Palisade Wall x6 |
| 17:39 | CN_Dauh · first_market_buy 100 food |
| 19:08 | CN_Dauh · first_building Stable |
| 19:53 | ANKR.ice cream · first_building Stable |
| 20:25 | CN_Dauh · age_up castle |
| 20:29 | ANKR.ice cream · age_up castle |
| 22:09 | CN_Dauh · first_building Siege Workshop |
| 23:21 | ANKR.ice cream · first_building Monastery |
| 23:26 | CN_Dauh · first_building Monastery |
| 23:55 | CN_Dauh · first_building Castle |
| 24:04 | CN_Dauh · first_market_sell 100 stone |
| 29:55 | ANKR.ice cream · first_building Siege Workshop |
| 31:10 | ANKR.ice cream · first_building Castle |
| 31:23 | ANKR.ice cream · first_market_sell 100 wood |
| 34:34 | ANKR.ice cream · age_up imperial |
| 36:35 | CN_Dauh · age_up imperial |
| 37:14 | ANKR.ice cream · first_market_buy 100 wood |
| 40:20 | CN_Dauh · resign |
[ AI ANALYSIS · 1 CREDIT ]
What really happened in this match?
Wolo.gg analyzes every decision: build order, eco, micro, common mistakes by bracket. Personalized analysis on WhatsApp or Discord in 30 seconds.
Civ guide
Chinese
Perfil
Jugador #10912750